 Dungeon Crawl Stone Soup version 0.30-a0-881-g1ff12e1e11 (webtiles) character file.

Game seed: 7355226800902454428

259 NinjaNoafa the Conjurer (level 5, 0/38 HPs)
             Began as a Draconian Conjurer on Mar 14, 2023.
             Was an Initiate of Vehumet.
             Slain by Edmund
             ... wielding a +0 flail of protection
              (3 damage)
             ... on level 4 of the Dungeon.
             The game lasted 00:10:24 (2119 turns).

NinjaNoafa the Conjurer (Draconian Conjurer)        Turns: 2119, Time: 00:10:24

Health: 0/38       AC:  8    Str:  9    XL:     5   Next: 94%
Magic:  0/10       EV: 11    Int: 20    God:    Vehumet [......]
Gold:   163        SH:  4    Dex: 10    Spells: 8/11 levels left

rFire   . . .      SeeInvis .    e - +0 rapier
rCold   . . .      Faith    +    c - +0 buckler
rNeg    . . .      Spirit   .    (body armour unavailable)
rPois   .          Reflect  .    (helmet restricted)
rElec   .          Rampage  .    t - +1 cloak
rCorr   .                        (no gloves)
Will    .....                    n - +0 pair of boots
Stlth   ++                       h - amulet of faith
HPRegen 0.26/turn                (no ring)
MPRegen 0.12/turn                (no ring)

@: on berserk cooldown, slowed, very slow
A: AC +5, unfitting armour, cold-blooded
a: Renounce Religion


You were on level 4 of the Dungeon.
You worshipped Vehumet.
Vehumet was noncommittal.
You visited 2 branches of the dungeon, and saw 5 of its levels.

You collected 163 gold pieces.

Inventory:

Hand Weapons
 e - a +0 rapier (weapon)
Missiles
 g - 2 poisoned darts
 l - 5 boomerangs
 o - a throwing net
Armour
 c - a +0 buckler (worn)
 n - a +0 pair of boots (worn)
 t - a +1 cloak (worn)
Jewellery
 d - an amulet of reflection
 h - an amulet of faith (around neck)
Scrolls
 b - a scroll of vulnerability {unknown}
 j - 2 scrolls of identify {unknown}
 m - 2 scrolls of enchant armour {unknown}
 p - a scroll of teleportation {unknown}
 r - a scroll of magic mapping {unknown}
 s - a scroll of fog {unknown}
Potions
 i - a potion of mutation {unknown}
 k - a potion of attraction {unknown}
 q - a potion of curing {unknown}


   Skills:
 - Level 1.7 Dodging
 - Level 1.7 Stealth
 + Level 3.0 Shields
 + Level 3.7 Spellcasting
 + Level 5.3 Conjurations


You had 8 spell levels left.
You knew the following spells:

 Your Spells              Type           Power      Damage    Failure   Level
a - Magic Dart            Conj           100%       1d8       1%          1
b - Searing Ray           Conj           50%        2d6       3%          2

Your spell library contained the following spells:

 Spells                   Type           Power      Damage    Failure   Level
 Freeze                   Ice            12%        1d3       17%         1
 Dazzling Flash           Conj/Hex       28%        N/A       17%         3
 Hailstorm                Conj/Ice       14%        3d5       17%         3
 Frozen Ramparts          Ice            6%         1d1       45%         3
 Vhi's Electric Charge    Tloc/Air       6%         N/A       45%         3
 Fulminant Prism          Conj/Hex       7%         3d6       50%         4
 Iskenderun's Mystic Bla  Conj/Tloc      14%        2d5       50%         4
 Arcjolt                  Conj/Air       7%         1d17      85%         5
 Maxwell's Capacitive Co  Air            1%         ∞         100%        8


Dungeon Overview and Level Annotations

Branches:
Dungeon (4/15)             Temple (1/1) D:4

Altars:
Ashenzari
Dithmenos
Elyvilon
Fedhas
Hepliaklqana
Kikubaaqudgha
Okawaru
Qazlal
Ru
Sif Muna
Trog
Vehumet
Wu Jian
Yredelemnul
Zin
The Shining One

Annotations:
D:4 Edmund


Innate Abilities, Weirdness & Mutations

Your plain brown scales are hard. (AC +5)
You cannot fit into any form of body armour.
You are cold-blooded and may be slowed by cold attacks.


Message History

* * * LOW HITPOINT WARNING * * *
Casting: Searing Ray (safe; 3% risk of failure)
Confirm with . or Enter, or press ? or * to list all spells.
Aiming: Searing Ray (safe; 3% risk of failure)
Press: ? - help, Shift-Dir - straight line, f/p - Edmund
Aim: Edmund, wielding a +0 flail of protection and wearing a +0 leather armour (severely wounded, 79% to hit)
The searing ray misses Edmund. (Press . to maintain the ray.) Edmund barely misses you.
You hit Edmund.
Edmund is almost dead.
Edmund barely misses you.
You closely miss Edmund.
Edmund is almost dead.
Edmund hits you with a +0 flail of protection!
* * * LOW HITPOINT WARNING * * *
Edmund attacks as you move away!
Edmund hits you with a +0 flail of protection.
* * * LOW HITPOINT WARNING * * *
It was a potion of berserk rage.
A red film seems to cover your vision as you go berserk!
You feel yourself moving faster!
You feel mighty! You block Edmund's attack.
You puncture Edmund!
Edmund is almost dead.
Edmund hits you with a +0 flail of protection.
* * * LOW HITPOINT WARNING * * *
You feel a strong urge to attack something.
You feel your anger nearly subside.
You are no longer berserk.
You are exhausted.
You feel yourself slow down.
Edmund says, "People think my brother is the best.
I think he's crazy."
Casting: Searing Ray (safe; 3% risk of failure)
Confirm with . or Enter, or press ? or * to list all spells.
Aiming: Magic Dart (safe; 1% risk of failure)
Press: ? - help, Shift-Dir - straight line, f/p - Edmund
Aim: Edmund, wielding a +0 flail of protection and wearing a +0 leather armour (almost dead, 100% to hit)
The magic dart hits Edmund but does no damage.
Edmund is almost dead.
Edmund hits you with a +0 flail of protection.
You die...

..#..>....#.........#.......##...
..#.......'.........#.......##...
..##'######.........#........#..)
...............###'##........#...
...............#....'........#...
...............+...###'#######...
...............#...##.......##...
...............#...+.........#...
.).............#@..##........#...
....)...###+####@..##........#...
........'..........#.........#...
8.8#....#..........#........##...
...8....#..........+........##...
.>.8....###.####...##............
...8......#.####...##.......##...
888#......'....)...##.......##...
####......#........#........)....


You could see Edmund.

Vanquished Creatures
  An orc priest (D:3)
  Jessica (D:3)
  An iguana (D:4)
  A hound zombie (D:3)
  3 gnolls (D:3)
  3 adders
  3 worms
  3 dart slugs
  12 orcs
  9 ball pythons
  8 endoplasms
  3 giant cockroaches
  9 goblins
  A hobgoblin (D:3)
  4 jackals (D:3)
  6 kobolds
  2 quokkas (D:3)
  3 bats
  5 frilled lizards
  A quokka skeleton (D:3)
  3 rats (D:2)
82 creatures vanquished.

Vanquished Creatures (others)
  A withered plant (D:3)
1 creature vanquished.

Grand Total: 83 creatures vanquished

Notes
Turn   | Place    | Note
-------+----------+-------------------------------------------
     0 | D:1      | NinjaNoafa the Draconian Conjurer began the quest for the
                  | Orb.
     0 | D:1      | Reached XP level 1. HP: 14/14 MP: 3/3
   220 | D:1      | Reached XP level 2. HP: 20/20 MP: 1/5
   537 | D:2      | Reached skill level 1 in Shields
   579 | D:1      | Learned a level 2 spell: Searing Ray
   643 | D:2      | Reached XP level 3. HP: 24/26 MP: 1/6
  1083 | D:3      | Noticed Jessica
  1091 | D:3      | Killed Jessica
  1092 | D:3      | Reached XP level 4. HP: 33/33 MP: 1/8
  1293 | D:3      | Reached skill level 5 in Conjurations
  1293 | D:3      | Reached XP level 5. HP: 38/38 MP: 1/9
  1852 | D:4      | Found a staircase to the Ecumenical Temple.
  1876 | Temple   | Entered the Ecumenical Temple
  1906 | Temple   | Became a worshipper of Vehumet
  2044 | D:4      | Noticed Edmund
  2111 | D:4      | HP: 2/57 [Edmund/+0 flail of protection (5)]
  2119 | D:4      | Slain by Edmund

Illustrated notes

Levels and vault maps discovered:
D:1:      zelgadis_glass_arrival_small, layout_basic, minivault_11,
          chequers_serial_rivers_large_a
D:2:      layout_rooms
D:3:      layout_rooms, serial_undead, serial_undead_e, serial_undead_e,
          serial_undead_a, serial_undead_d, amcnicky_mini_pool_small,
          uniq_jessica
D:4:      layout_gridville, minmay_temple_entry_statues,
          minmay_shop_grid_forest, uniq_edmund
Temple:   nicolae_temple_x_marks_the_god

Skill      XL: |  1  2  3  4  5 |
---------------+----------------+-----
Shields        | 1 2 3 |  3.0
Spellcasting   | 3 |  3.7
Conjurations   | 5 |  5.3
Dodging        | |  1.7
Stealth        | |  1.7

Action                     |  1- 3 |  4- 6 || total
---------------------------+-------+-------++-------
  Melee: Unarmed           |     4 |       ||     4
         Rapier            |    25 |    42 ||    67
         Club              |     1 |       ||     1
         Tailslap          |     3 |     7 ||    10
   Cast: Magic Dart        |    48 |    29 ||    77
         Searing Ray       |     5 |    21 ||    26
    Use: Potion            |       |     2 ||     2
 Armour: Skin              |     8 |    30 ||    38
  Dodge: Dodged            |    13 |    58 ||    71
  Block: Buckler           |    11 |    50 ||    61
         Reflection        |     2 |       ||     2

Table legend: (Time is in decaauts)
 A = Elapsed time spent in this place.
 B = Non-inter-level travel time spent in this place.
 C = Inter-level travel time spent in this place.
 D = Time resting spent in this place.
 E = Time spent auto-exploring this place.
 F = Levels seen in this place.
 G = Mean time per level.
                   A        B        C        D        E       F      G
               +--------+--------+--------+--------+--------+-----+--------+
         Total |   2149 |   1940 |    209 |      0 |   1055 |   5 |  429.8 |
       Dungeon |   2050 |   1849 |    201 |      0 |   1008 |   4 |  512.5 |
        Temple |     98 |     90 |      8 |      0 |     47 |   1 |   98.0 |
               +--------+--------+--------+--------+--------+-----+--------+

Top non-repeatable levels by time:
     D:1: 591 daAuts
     D:2: 588 daAuts
     D:3: 536 daAuts
     D:4: 334 daAuts
  Temple: 98 daAuts
